 Dungeon Crawl Stone Soup version 0.31-a0-198-g2ad674f65e (webtiles) character file.

Game seed: 17939144643358149976

14 qw the Shooter (level 2, 0/16 HPs)
             Began as a Deep Elf Hunter on June 25, 2023.
             Succumbed to their own poison gas
             ... on level 1 of the Dungeon.
             The game lasted 00:00:13 (680 turns).

qw the Shooter (Deep Elf Hunter)                     Turns: 680, Time: 00:00:14

Health: 0/16       AC:  3    Str:  8    XL:     2   Next: 27%
Magic:  3/4        EV: 12    Int: 13    God:
Gold:   71         SH:  0    Dex: 18    Spells: 1/1 levels left

rFire   . . .        Y - +0 shortbow
rCold   . . .        (shield currently unavailable)
rNeg    . . .        c - +0 leather armour
rPois   .            (no helmet)
rElec   .            (no cloak)
rCorr   .            (no gloves)
SInv    .            (no boots)
Will    .....        e - amulet of guardian spirit
Stlth   ++           (no ring)
HPRegen 0.22/turn    (no ring)
MPRegen 0.09/turn

%: guardian spirit
@: lethally poisoned (0 -> -2)
A: no striking features
a: no special abilities


You were on level 1 of the Dungeon.
You visited 1 branch of the dungeon, and saw 1 of its levels.

You collected 71 gold pieces.


   Skills:
 - Level 1.5 Fighting
 + Level 6.1 Ranged Weapons
 - Level 2.4 Dodging
 - Level 1.2 Stealth


You had one spell level left.
You didn't know any spells.
Your spell library was empty.

Inventory:

Hand Weapons
 Y - a +0 shortbow (weapon)
Armour
 c - a +0 leather armour (worn)
Jewellery
 e - an amulet of guardian spirit (around neck)

Dungeon Overview and Level Annotations

Branches:
Dungeon (1/15)

Altars:
Okawaru


Message History

You feel your power drawn to a protective spirit.
e - an amulet of guardian spirit (around neck) Partly explored, can't reach some places.
Partly explored, can't reach some places.
670 ||| READING scroll labelled JILUSH ZOTECAE.
The air fills with toxic fumes!
As you read the scroll labelled JILUSH ZOTECAE, it crumbles to dust.
It was a scroll of poison.
Partly explored, can't reach some places.
671 ||| READING scroll labelled PEIVAUSCHUXT.
As you read the scroll labelled PEIVAUSCHUXT, it crumbles to dust.
You hear a loud clanging noise!
It was a scroll of noise.
Partly explored, can't reach some places.
672 ||| DROPPING scroll of butterflies.
You drop a scroll of butterflies.
Enter note:
Enter note:
Enter note: Partly explored, can't reach some places.
Sorry, I don't know how to get there.
Lua error: [string "/dgldir/rcfiles/crawl-bot-git/qwlua.rc"]:3940: Cannot currently process new keys (travel delay active) Partly explored, can't reach some places.
Enter note:
Enter note:
Enter note: Really walk into that cloud of poison gas?
You are engulfed in poison gas.
You are poisoned.
You feel very sick.
675 ||| Stepping ~*~*~tactically~*~*~ (cloud).
You feel sick.
There is a lethal amount of poison in your body!
You feel sick.
There is a lethal amount of poison in your body!
You feel sick.
There is a lethal amount of poison in your body!
You feel sick.
There is a lethal amount of poison in your body!
You feel sick.
There is a lethal amount of poison in your body!
You die...

¤¤~~~~~~~~..##
_¤¤¤~¤¤¤~¤~...## #
~¤¤¤~~¤~0~00¤¤0.#########
~~¤¤¤~0¤¤¤00¤¤#..........
#¤¤~0~~~¤0¤000.###########
#¤~~0~0¤¤¤~0¤0¤# #.
#¤¤0¤¤~0¤~000¤.# #.
#¤¤~¤¤00~¤?¤##.# #.
#¤~~¤¤¤~¤@¤¤#<.# ##
#~.¤¤¤¤0.00¤¤¤.# #
#~¤.~¤.¤¤¤#00¤## #
#¤¤¤0¤¤000.0### #
###¤##¤¤¤¤..# ##
#.##0###### ##. #.#¤¤#
##.# #...## #.## ###.#
##.#


There were no monsters in sight!

Vanquished Creatures
  2 dart slugs (D:1)
  2 hobgoblins (D:1)
  2 ball pythons (D:1)
  2 bats (D:1)
  A frilled lizard (D:1)
  2 kobolds (D:1)
11 creatures vanquished.

Notes
Turn   | Place    | Note
-------+----------+-------------------------------------------
     0 | D:1      | qw the Deep Elf Hunter began the quest for the Orb.
     0 | D:1      | Reached XP level 1. HP: 12/12 MP: 3/3
     0 | D:1      | 0 ||| qw: Version: 0.3-a-22-g0ed2b0b
     0 | D:1      | 0 ||| qw: Game counter: 5385
     0 | D:1      | 0 ||| qw: Melee chars always use a shield: true
     0 | D:1      | 0 ||| qw: God list: Okawaru
     0 | D:1      | 0 ||| qw: Allow faded altars: false
     0 | D:1      | 0 ||| qw: Do Orc after clearing Dungeon:15 true
     0 | D:1      | 0 ||| qw: Do second Lair branch before Depths: true
     0 | D:1      | 0 ||| qw: Lair rune preference: random
     0 | D:1      | 0 ||| qw: Goals: Normal
     0 | D:1      | 0 ||| PLANNING D:1-11
   106 | D:1      | 106 ||| FLEEEEING.
   107 | D:1      | 107 ||| FLEEEEING.
   109 | D:1      | 109 ||| FLEEEEING.
   110 | D:1      | 110 ||| FLEEEEING.
   213 | D:1      | Reached XP level 2. HP: 16/16 MP: 4/4
   241 | D:1      | Reached skill level 6 in Ranged Weapons
   659 | D:1      | Found an iron altar of Okawaru.
   660 | D:1      | 660 ||| PLANNING OKAWARU WORSHIP
   661 | D:1      | 661 ||| UPGRADING to amulet of guardian spirit.
   670 | D:1      | 670 ||| READING scroll labelled JILUSH ZOTECAE.
   671 | D:1      | 671 ||| READING scroll labelled PEIVAUSCHUXT.
   672 | D:1      | 672 ||| DROPPING scroll of butterflies.
   675 | D:1      | 675 ||| Stepping ~*~*~tactically~*~*~ (cloud).
   676 | D:1      | HP: 4/16 [poisoned by you (poison gas)]
   678 | D:1      | HP: 1/16 [poisoned by you (poison gas)]
   680 | D:1      | Succumbed to their own poison gas

Levels and vault maps discovered:
D:1:      dpeg_arrival_lava_altar, layout_loops_cross

Skill      XL: |  1  2 |
---------------+-------+-----
Ranged Weapons | 6 |  6.1
Fighting       | |  1.5
Dodging        | |  2.4
Stealth        | |  1.2

Action                     || total
---------------------------++-------
   Fire: Shortbow          ||    30
    Use: Scroll            ||     2
 Armour: Leather armour    ||     3
  Dodge: Dodged            ||     5

Table legend:
 A = Non-vault XP
 B = Vault XP
 C = Vault XP percentage of total XP
 D = Non-vault monster count
 E = Vault monster count
 F = Vault count percentage of total count
                 A         B        C        D         E       F
            +---------+---------+-------+---------+---------+-------
      Total |      20 |       0 |   0.0 |      11 |       0 |   0.0
            +---------+---------+-------+---------+---------+-------
        D:1 |      20 |       0 |   0.0 |      11 |       0 |   0.0
            +---------+---------+-------+---------+---------+-------
